 Dungeon Crawl Stone Soup version 0.31-a0-246-g8cbcc1cb85 (webtiles) character file.

Game seed: 18019144415388322777

70 qw the Shooter (level 4, -1/26 HPs)
             Began as a Gargoyle Hexslinger on July 12, 2023.
             Slain by a goblin
             ... wielding a +0 club
             ... led by Robin
              (3 damage)
             ... on level 2 of the Dungeon.
             The game lasted 00:00:28 (1270 turns).

qw the Shooter (Gargoyle Hexslinger)                Turns: 1270, Time: 00:00:29

Health: -1/26      AC:  9    Str: 12    XL:     4   Next: 21%
Magic:  5/5        EV: 10    Int: 13    God:
Gold:   42         SH:  0    Dex: 14    Spells: 4/5 levels left

rFire   . . .        Y - +1 sling
rCold   . . .        (no shield)
rNeg    + . .        i - +0 ring mail
rPois   inf          (no helmet)
rElec   +            e - +0 cloak
rCorr   .            (no gloves)
SInv    .            (no boots)
Will    .....        (no amulet)
Stlth   +            (no ring)
HPRegen 0.24/turn    (no ring)
MPRegen 0.09/turn

%: no passive effects
@: about to teleport
A: sickness immunity, AC +3, negative energy resistance 1, electricity
resistance, torment resistance 1, petrification resistance
a: no special abilities


You were on level 2 of the Dungeon.
You visited 1 branch of the dungeon, and saw 2 of its levels.

You collected 42 gold pieces.


Innate Abilities, Weirdness & Mutations

You are immune to sickness and miasma.
Your stone body is resilient. (AC +3)
You are immune to poison.
You resist negative energy. (rN+)
You are resistant to electric shocks. (rElec)
You are resistant to unholy torment.
You are immune to petrification.


   Skills:
 - Level 2.0 Fighting
 + Level 3.8 Ranged Weapons
 - Level 1.0 Armour
 - Level 1.5 Dodging
 - Level 1.0 Spellcasting
 - Level 2.6 Hexes


You had 4 spell levels left.
You knew the following spells:

 Your Spells              Type           Power      Damage    Failure   Level
a - Slow                  Hex            28%        N/A       22%         1

Your spell library contained the following spells:

 Spells                   Type           Power      Damage    Failure   Level
 Inner Flame              Hex/Fire       4%         N/A       73%         3
 Portal Projectile        Hex/Tloc       8%         N/A       73%         3
 Cause Fear               Hex            3%         N/A       91%         4

Inventory:

Hand Weapons
 Y - a +1 sling (weapon)
Armour
 b - the +0 ring mail "Boenlieh" {rElec Will+++ Str+5 Int-5}
   (You found it on level 2 of the Dungeon)

   Str:       It affects your strength (+5).
   Int:       It affects your intelligence (-5).
   rElec:     It insulates you from electricity.
   Will:      It greatly increases your willpower.
 e - a +0 cloak (worn)
 i - a +0 ring mail (worn)
Scrolls
 a - a scroll of brand weapon {unknown}
 c - a scroll of identify
 d - a scroll of enchant armour {unknown}
Potions
 f - a potion of curing {unknown}

Dungeon Overview and Level Annotations

Branches:
Dungeon (2/15)

Altars:

Annotations:
D:2 Robin


Message History

The goblin hits you but does no damage. x2; The goblin misses you.
You shoot a sling bullet.
The sling bullet barely misses the goblin.
The sling bullet hits the goblin.
The goblin is heavily wounded.
The goblin barely misses you. The goblin hits you but does no damage.
The goblin closely misses you.
You shoot a sling bullet. The sling bullet hits the goblin!
You kill the goblin!
The goblin no longer looks unusually strong.
Robin roars a battlecry!
The goblin goes into a battle-frenzy!
The goblin hits you but does no damage. x3; The goblin closely misses you.
The goblin hits you but does no damage.
You shoot a sling bullet.
The sling bullet closely misses the goblin.
The sling bullet hits Robin.
Robin is moderately wounded.
The goblin no longer looks unusually strong. x2
Robin roars a battlecry!
The goblin goes into a battle-frenzy!
The goblin barely misses you. The goblin completely misses you.
The goblin hits you but does no damage.
You shoot a sling bullet. The sling bullet hits the goblin.
The goblin is severely wounded.
The goblin no longer looks unusually strong.
The goblin closely misses you. The goblin barely misses you.
The goblin completely misses you.
You shoot a sling bullet. The sling bullet hits the goblin.
You kill the goblin!
The goblin hits you but does no damage.
The goblin hits you with a +0 dagger. x2
The goblin hits you with a +0 club. Robin barely misses you.
1269 ||| READING scroll of teleportation.
As you read the scroll of teleportation, it crumbles to dust.
You feel strangely unstable.
The goblin hits you but does no damage. x2
You shoot a sling bullet. The sling bullet hits Robin.
Robin is heavily wounded.
The goblin hits you with a +0 club.
You die...

#..# ##...# #.# #..#
#...# #.# #...## #.#
#....############.#
#.................#
#####..........#######
#......>.......#
#.####g........#
#gg@########## #$#g#
.. .). ## .....
#.....) #.......
#.?...... #.........


You could see Robin and 3 goblins.

Vanquished Creatures
  A gnoll (D:1)
  An adder (D:2)
  2 endoplasms (D:2)
  A giant cockroach (D:1)
  7 goblins (D:2)
  9 hobgoblins
  3 jackals (D:2)
  A kobold (D:1)
  A quokka (D:1)
  5 ball pythons
  5 bats
  3 frilled lizards
  6 rats
45 creatures vanquished.

Notes
Turn   | Place    | Note
-------+----------+-------------------------------------------
     0 | D:1      | qw the Gargoyle Hexslinger began the quest for the Orb.
     0 | D:1      | Reached XP level 1. HP: 12/12 MP: 2/2
     0 | D:1      | 0 ||| qw: Version: 0.3-a-52-g30416fa
     0 | D:1      | 0 ||| qw: Game counter: 6524
     0 | D:1      | 0 ||| qw: Melee chars always use a shield: true
     0 | D:1      | 0 ||| qw: God list: Okawaru
     0 | D:1      | 0 ||| qw: Allow faded altars: false
     0 | D:1      | 0 ||| qw: Do Orc after clearing Dungeon:15 true
     0 | D:1      | 0 ||| qw: Do second Lair branch before Depths: true
     0 | D:1      | 0 ||| qw: Lair rune preference: random
     0 | D:1      | 0 ||| qw: Goals: Normal
     0 | D:1      | 0 ||| PLANNING D:1-11
   269 | D:1      | Reached XP level 2. HP: 16/16 MP: 3/3
   519 | D:1      | Reached skill level 3 in Ranged Weapons
   521 | D:1      | Reached XP level 3. HP: 14/21 MP: 4/4
   942 | D:1      | 942 ||| UPGRADING to +0 cloak.
   947 | D:1      | 947 ||| UPGRADING to +0 ring mail.
   957 | D:1      | 957 ||| DROPPING +0 robe.
   958 | D:1      | 958 ||| READING scroll labelled JYAPHE LEAHI.
   959 | D:1      | 959 ||| READING scroll labelled MEMICUU BAMOPN.
   964 | D:1      | 964 ||| READING scroll labelled FALIDIG CIOSE.
   965 | D:1      | 965 ||| DROPPING scroll of poison.
  1007 | D:2      | Reached skill level 1 in Armour
  1122 | D:2      | Identified the +0 ring mail "Boenlieh" {rElec Will+++ Str+5
                  | Int-5}
  1230 | D:2      | Reached XP level 4. HP: 26/26 MP: 5/5
  1252 | D:2      | Noticed Robin
  1268 | D:2      | HP: 5/26 [goblin/+0 dagger[Robin] (3)]
  1268 | D:2      | HP: 1/26 [goblin/+0 club[Robin] (2)]
  1269 | D:2      | 1269 ||| READING scroll of teleportation.
  1270 | D:2      | Slain by a goblin

Levels and vault maps discovered:
D:1:      dpeg_arrival_round_b, layout_basic
D:2:      layout_basic, minmay_bisected, uniq_robin

Skill      XL: |  1  2  3 |
---------------+----------+-----
Ranged Weapons | 3 |  3.8
Fighting       | 2 |  2.0
Armour         | 1 |  1.0
Dodging        | |  1.5
Spellcasting   | |  1.0
Hexes          | |  2.6

Action                     |  1- 3 |  4- 6 || total
---------------------------+-------+-------++-------
   Fire: Sling             |    92 |    25 ||   117
    Use: Scroll            |     3 |     1 ||     4
 Armour: Robe              |     7 |       ||     7
         Ring mail         |     8 |    25 ||    33
  Dodge: Dodged            |    27 |    24 ||    51

Table legend:
 A = Non-vault XP
 B = Vault XP
 C = Vault XP percentage of total XP
 D = Non-vault monster count
 E = Vault monster count
 F = Vault count percentage of total count
                 A         B        C        D         E       F
            +---------+---------+-------+---------+---------+-------
      Total |      75 |      25 |  25.0 |      32 |      13 |  28.9
            +---------+---------+-------+---------+---------+-------
        D:1 |      46 |       0 |   0.0 |      22 |       0 |   0.0
        D:2 |      29 |      25 |  46.3 |      10 |      13 |  56.5
            +---------+---------+-------+---------+---------+-------
